 Dungeon Crawl Stone Soup version 0.23.2-40-g277498a001 (webtiles) character file.

Game seed: 16514453909283108136

1065 Curus the Carver (level 8, 0/62 HPs)
             Began as a Minotaur Gladiator on Oct 19, 2019.
             Was an Initiate of Makhleb.
             Slain by a killer bee (5 damage)
             ... on level 7 of the Dungeon.
             The game lasted 00:19:15 (5235 turns).

Curus the Carver (Minotaur Gladiator)               Turns: 5235, Time: 00:19:16

Health: 0/62       AC:  3    Str: 20    XL:     8   Next: 6%
Magic:  7/7        EV: 12    Int:  7    God:    Makhleb [......]
Gold:   386        SH:  0    Dex: 11    Spells: 7/7 levels left

rFire    + . .     SeeInvis .   r - +0 long sword (holy)
rCold    . . .     Gourm    .   (no shield)
rNeg     + . .     Faith    .   b - +0 leather armour
rPois    .         Spirit   .   (helmet unavailable)
rElec    .         Reflect  .   (no cloak)
rCorr    .         Harm     .   (no gloves)
MR       .....                  (no boots)
Stlth    +.........             (no amulet)
HPRegen  0.20/turn              l - ring of protection from fire
MPRegen  0.10/turn              q - ring of positive energy

@: lethally poisoned (0 -> -16)
A: retaliatory headbutt, horns 3, sense surroundings 1
a: Renounce Religion


You were on level 7 of the Dungeon.
You worshipped Makhleb.
Makhleb was noncommittal.
You were hungry.

You visited 1 branch of the dungeon, and saw 7 of its levels.

You collected 386 gold pieces.

Inventory:

Hand Weapons
 a - a +1 long sword
 r - a +0 long sword of holy wrath (weapon)
Missiles
 d - 2 throwing nets (quivered)
Armour
 b - a +0 leather armour (worn)
 c - a +1 hat
Jewellery
 g - an uncursed ring of fire
 l - a ring of protection from fire (left hand)
 q - a ring of positive energy (right hand)
Wands
 o - a wand of enslavement (5)
Scrolls
 h - 6 scrolls of identify
 i - 3 scrolls of remove curse
 j - 3 scrolls of fear
 k - 2 scrolls of teleportation
 s - a scroll of amnesia
 t - a scroll of fog
Potions
 e - 2 potions of heal wounds
 m - 2 potions of flight
 n - a potion of haste
 p - 6 potions of curing
Comestibles
 f - 14 rations


   Skills:
 - Level 2.4 Fighting
 + Level 11.6 Long Blades
 - Level 2.0 Throwing
 - Level 3.2 Dodging


You had 7 spell levels left.
You didn't know any spells.
Your spell library contained the following spells:

 Spells                   Type           Power        Failure   Level  Hunger
 Animate Skeleton         Necr           N/A          50%         1    ##.....
 Apportation              Tloc           #.....       50%         1    ##.....
 Confusing Touch          Hex            #.....       50%         1    ##.....
 Summon Small Mammal      Summ           #...         50%         1    ##.....


Dungeon Overview and Level Annotations

Branches:
Dungeon (7/15)             Temple (0/1) D:6

Altars:
Makhleb
The Shining One

Shops:
D:5 }


Innate Abilities, Weirdness & Mutations

You reflexively headbutt those who attack you in melee.
You have a pair of large horns on your head.
You passively map a small area around you.


Message History

The killer bee stings you. The killer bee barely misses you.
You furiously retaliate!
You headbutt the killer bee!
You kill the killer bee!
Makhleb accepts your kill. The leopard gecko bites you.
The killer bee stings you.
You are more poisoned.
The killer bee poisons you! The killer bee misses you.
The leopard gecko bites you.
* * * LOW HITPOINT WARNING * * *
You miss the killer bee. Your headbutt misses the killer bee.
The killer bee is severely wounded.
* * * LOW HITPOINT WARNING * * *
You feel sick. The killer bee stings you.
* * * LOW HITPOINT WARNING * * *
The killer bee stings you.
* * * LOW HITPOINT WARNING * * *
The killer bee barely misses you.
You riposte.
You hit the killer bee but do no damage.
Your headbutt misses the killer bee. The killer bee stings you.
You die...

#................,
#...............
#..............
##............ ,
##......... ,,
#.........
#........#
#.l....###
#@y....# *
#yy....# $......#
.####....# , ##**
,..$..# , *
......** , ......
, ... , ,


You could see 3 killer bees and a leopard gecko.

Vanquished Creatures
  Duvessa (D:6)
  A phantom (D:4)
  An ice beast (D:5)
  2 bullfrogs (D:6)
  Dowan (D:6)
  2 killer bees (D:7)
  A howler monkey (D:4)
  A hound (D:4)
  A centaur skeleton (D:6)
  A gnoll shaman (D:4)
  An orc priest (D:6)
  An iguana (D:6)
  2 orc wizards
  2 worker ants (D:6)
  4 gnolls (D:4)
  6 adders
  An ooze (D:2)
  10 worms
  2 dart slugs (D:1)
  2 leopard geckos
  18 orcs
  A ball python (D:4)
  4 giant cockroaches
  4 goblins
  6 hobgoblins
  7 jackals
  5 quokkas
  9 bats
  7 frilled lizards
  5 kobolds
  A leopard gecko skeleton (D:4)
  7 rats
117 creatures vanquished.

Notes
Turn   | Place    | Note
-------+----------+-------------------------------------------
     0 | D:1      | Curus the Minotaur Gladiator began the quest for the Orb.
     0 | D:1      | Reached XP level 1. HP: 18/18 MP: 0/0
    40 | D:1      | Reached skill level 4 in Long Blades
    94 | D:1      | Reached XP level 2. HP: 20/25 MP: 1/1
   664 | D:1      | Reached skill level 5 in Long Blades
   755 | D:1      | Reached XP level 3. HP: 24/30 MP: 2/2
  1205 | D:2      | Reached skill level 6 in Long Blades
  1205 | D:2      | Reached XP level 4. HP: 27/37 MP: 3/3
  1619 | D:2      | Found a glowing golden altar of the Shining One.
  2174 | D:3      | Reached XP level 5. HP: 39/42 MP: 4/4
  2269 | D:4      | Reached skill level 7 in Long Blades
  2325 | D:4      | Reached skill level 8 in Long Blades
  2509 | D:4      | Noticed a phantom
  2554 | D:4      | Found a burning altar of Makhleb.
  2830 | D:3      | Reached XP level 6. HP: 50/50 MP: 5/5
  2985 | D:4      | Reached skill level 9 in Long Blades
  3019 | D:4      | Became a worshipper of Makhleb the Destroyer
  3242 | D:5      | Entered Level 5 of the Dungeon
  3388 | D:5      | Noticed an ice beast
  3408 | D:5      | Killed an ice beast
  3408 | D:5      | Reached XP level 7. HP: 12/56 MP: 6/6
  3596 | D:5      | Found Duvuply's Gadget Shop.
  4214 | D:6      | Reached skill level 10 in Long Blades
  4680 | D:6      | Gained mutation: You passively map a small area around you.
                  | [potion of mutation]
  4680 | D:6      | Gained mutation: You have a pair of large horns on your
                  | head. [potion of mutation]
  4699 | D:6      | Noticed Dowan
  4702 | D:6      | Noticed Duvessa
  4707 | D:6      | Killed Dowan
  4714 | D:6      | Killed Duvessa
  5012 | D:6      | Found a staircase to the Ecumenical Temple.
  5016 | D:6      | Reached skill level 11 in Long Blades
  5225 | D:7      | Reached XP level 8. HP: 60/62 MP: 7/7
  5235 | D:7      | Slain by a killer bee

Skill      XL: |  1  2  3  4  5  6  7 |
---------------+----------------------+-----
Long Blades    | 4 5 6 8 9 11 | 11.6
Fighting       | |  2.4
Throwing       | |  2.0
Dodging        | |  3.2

Action                   |  1- 3 |  4- 6 |  7- 9 || total
-------------------------+-------+-------+-------++-------
Melee: Long sword        |    68 |   160 |    55 ||   283
       Headbutt          |    11 |    35 |    14 ||    60
Throw: Throwing net      |       |       |     1 ||     1
  Use: Scroll            |     4 |     4 |     1 ||     9
       Potion            |     3 |     4 |     5 ||    12
 Stab: Sleeping          |     2 |       |       ||     2
  Eat: Chunk             |     1 |     7 |     5 ||    13
Armor: Leather armour    |    18 |    25 |     9 ||    52
Dodge: Dodged            |    45 |    94 |    40 ||   179
       Rpst.: Long sword |    14 |    25 |    11 ||    50
